AoeStats
← Wollolo

Fortress

508516534Analyzed
4v4 RM · 9d ago on Sep 22, 2026· 6m 45s· 8 players
Game mode
Random Map
Map size
Huge
Population
200
Speed
Normal
Resources
Standard
Victory
Conquest
Starting age
Dark Age
Ending age
Imperial Age
RankedLock teamsTeams togetherTeam positionsShared explorationLock speedFull tech treeHidden civsTurbo modeCheats
Victory
Defeat
🇫🇷 Japanese · France
962
+12
🇦🇷 Aztecs · Argentina
937
+13
🇬🇧 Mongols · United Kingdom
893
+14
🇵🇪 Vikings · Peru
887
+14
🇹🇷 Franks · Türkiye
869
-14
🇫🇷 Bohemians · France
861
-13
🇬🇧 Persians · United Kingdom
859
-13
🇪🇸 Poles · Spain
857
-13
Wollolo
Dagobert
6:08 Feudal Age
Mert
0:41 Loom
8:36 Feudal Age
pro.secco
MrMarsou
3:16 Loom
7:59 Feudal Age
JOY BOY
1:32 Loom
7:14 Feudal Age
Louiswoo
7:23 Feudal Age
5:40 Loom
FranGinaro
6:58 Feudal Age
Connection lost

Rejoining the realm…

Still unreachable

The connection could not be restored.

Session expired

The server has moved on; the page needs a fresh start.